 Dungeon Crawl Stone Soup version 0.19.1-1-g22dce08 (webtiles) character file.

149 Lennu the Insei (level 5, -12/25 HPs)
             Began as a Vine Stalker Transmuter on Jan 5, 2017.
             Mangled by cuckmaster's ghost (17 damage)
             ... on level 3 of the Dungeon.
             The game lasted 00:12:41 (3045 turns).

Lennu the Insei (Vine Stalker Transmuter)           Turns: 3045, Time: 00:12:46

Health: -12/25     AC:  8    Str: 11 (13) XL:     5   Next: 31%
Magic:  0/10       EV: 11    Int: 11 (13) God:
Gold:   109        SH:  0    Dex: 13 (15) Spells: 1 memorised, 8 levels left

rFire  . . .     SeeInvis .       - Unarmed
rCold  . . .     Gourm    .     u - +0 ring mail
rNeg   . . .     Faith    .     (no shield)
rPois  .         Spirit   +     f - +1 helmet
rElec  .         Reflect  .     (no cloak)
rCorr  .         Harm     .     w - +0 pair of gloves
MR     .....                    (boots currently unavailable)
Stlth  +.........               (no amulet)
                                (no ring)
                                (no ring)

@: appendage (expiring), very slightly contaminated
A: fangs 2, talons 3, regeneration 1, magic shield, antimagic bite, no device
heal 3, rot immunity
a: End Transformation


You were on level 3 of the Dungeon.
You were not hungry.
You had grown temporary talons.
You visited 1 branch of the dungeon, and saw 3 of its levels.

You collected 109 gold pieces.

Inventory:

Missiles
 a - 12 arrows
Armour
 f - a +1 helmet (worn)
 u - a +0 ring mail (worn)
 w - a +0 pair of gloves (worn)
Scrolls
 g - a scroll of magic mapping
 i - a scroll of remove curse
 p - 3 scrolls of enchant weapon
Potions
 m - a potion of curing
 n - a potion of heal wounds
Books
 c - a book of Changes

   Spells                             Type                      Level
   a - Beastly Appendage              Transmutation                1
   b - Sticks to Snakes               Transmutation                2
   c - Spider Form                    Transmutation/Poison         3
   d - Ice Form                       Ice/Transmutation            4
   e - Blade Hands                    Transmutation                5
 t - a book of Misfortune

   Spells                             Type                      Level
   a - Confusing Touch                Hexes                        1
   b - Confuse                        Hexes                        3
   c - Gell's Gravitas                Hexes/Translocation          3
   d - Petrify                        Transmutation/Earth          4
   e - Metabolic Englaciation         Hexes/Ice                    5
   f - Yara's Violent Unravelling     Hexes/Transmutation          5
Comestibles
 b - 2 chunks of flesh
 d - 3 bread rations
 h - 3 meat rations


   Skills:
 * Level 1.3 Fighting
 * Level 1.4 Armour
 * Level 2.3 Dodging
 * Level 3.8 Unarmed Combat
 * Level 2.7 Spellcasting
 * Level 3.0 Transmutations


You had 8 spell levels left.
You knew the following spells:

 Your Spells              Type           Power        Failure   Level  Hunger
a - Beastly Appendage     Tmut           #.....       21%         1    #......


Dungeon Overview and Level Annotations

Branches:
Dungeon (3/15)

Altars:

Annotations:
D:3 cuckmaster's ghost, weakling OgCK


Innate Abilities, Weirdness & Mutations

You have extremely sharp teeth.
Your natural rate of healing is unusually fast.
When hurt, damage is shared between your health and your magic reserves.
Your bite disrupts and absorbs the magic of your enemies.
Potions and wands cannot restore your health.
You are immune to rotting.
You have claws for feet.


Message History

Found an amethyst potion and a pair of gloves.
Casting: Beastly Appendage
Confirm with . or Enter, or press ? or * to list all spells.
You miscast Beastly Appendage.
You are very lightly contaminated with residual magic.
Nothing appears to happen.
You hit cuckmaster's ghost but do no damage.
You claw cuckmaster's ghost, but do no damage.
Cuckmaster's ghost hits you but does no damage.
You closely miss cuckmaster's ghost. Your bite misses cuckmaster's ghost.
Cuckmaster's ghost hits you.
You are electrocuted!
Ouch! That really hurt!
You hit cuckmaster's ghost. Your bite misses cuckmaster's ghost.
Cuckmaster's ghost is lightly damaged.
Your transformation is almost over.
Cuckmaster's ghost hits you.
* * * LOW HITPOINT WARNING * * *
You are electrocuted!
Ouch! That really hurt!
You die...

,* *,,,,,,,****************
,*** *.....,,,,,,,,,,,,,,,,,,
,,,* *,....,,**##************
,*,* **#...***..,,,,* *
,,,*******##...#**.#***,* *
,,,,,,,,,,,>....##.####.*******
*
,,,,,,,*****#.#....[....,,,,,,*
* ,,,***,* #...W.....!.*****,*
* ,,,* *,* #...@#,****** *,* *
**,* *,* ##.#.#,* *,* * *,***,*
#.#)#,* *,* * **,,**,* #.#.#,*
*,* * ,,,,,,,* #.#.#,# *,* *
,,,,,,,#######.#.#.# *,* *
,,,,,,,......#.#.#.# *.# *
,,,,,,***#.........# #####.##*
,,,,,,* ###.#.#.###
####......##


You could see cuckmaster's ghost.

Vanquished Creatures
  Natasha (thrice) (D:2)
  An adder (D:2)
  3 worms (D:2)
  A dart slug (D:1)
  2 leopard geckos (D:2)
  6 giant cockroaches
  3 goblins
  8 hobgoblins
  3 jackals (D:2)
  5 kobolds
  2 quokkas (D:2)
  A ball python (D:2)
  4 bats
  4 frilled lizards
  5 rats
51 creatures vanquished.

Notes
Turn   | Place    | Note
-------+----------+-------------------------------------------
     0 | D:1      | Lennu the Vine Stalker Transmuter began the quest for the Orb.
     0 | D:1      | Reached XP level 1. HP: 9/9 MP: 4/4
   329 | D:1      | Reached XP level 2. HP: 13/14 MP: 4/6
  1021 | D:1      | Reached skill level 1 in Fighting
  1247 | D:2      | Reached XP level 3. HP: 14/18 MP: 4/7
  2032 | D:2      | Gained mutation: Your natural rate of healing is unusually fast. [Vine Stalker growth]
  2032 | D:2      | Reached XP level 4. HP: 21/22 MP: 4/8
  2159 | D:2      | Noticed Natasha
  2169 | D:2      | Killed Natasha
  2169 | D:2      | Reached skill level 1 in Armour
  2280 | D:2      | Noticed Natasha
  2287 | D:2      | Killed Natasha
  2287 | D:2      | Reached XP level 5. HP: 24/25 MP: 8/10
  2798 | D:2      | Noticed Natasha
  2811 | D:2      | Killed Natasha
  3013 | D:3      | Noticed cuckmaster's ghost (weakling OgCK)
  3045 | D:3      | Mangled by cuckmaster's ghost

Skill      XL: |  1  2  3  4 |
---------------+-------------+-----
Fighting       | 1 |  1.3
Armour         | 1 |  1.4
Dodging        | 2 |  2.3
Transmutations | 3 |  3.0
Unarmed Combat | |  3.8
Spellcasting   | |  2.7

Action                   |  1- 3 |  4- 6 || total
-------------------------+-------+-------++-------
Melee: Unarmed           |   104 |    68 ||   172
       Bite              |     8 |    17 ||    25
       Headbutt          |     9 |       ||     9
       Kick              |     9 |    19 ||    28
       Punch             |       |     1 ||     1
 Cast: Beastly Appendage |    16 |     6 ||    22
  Use: Scroll            |       |     8 ||     8
       Potion            |       |     3 ||     3
 Stab: Sleeping          |     1 |     1 ||     2
  Eat: Chunk             |     4 |     3 ||     7
Armor: Robe              |     4 |       ||     4
       Leather armour    |    19 |     7 ||    26
       Ring mail         |       |    12 ||    12
Dodge: Dodged            |    50 |    30 ||    80
